 Dungeon Crawl Stone Soup version 0.27-a0-951-gae3e1deef5 (webtiles) character file.

Game seed: 3747667349948335703

15858 wakim the Grappler (level 12, 0/111 HPs)
             Began as an Octopode Transmuter on Apr 11, 2021.
             Was a Priest of Dithmenos.
             Slain by an ice beast (13 damage)
             ... in an ice cave.
             The game lasted 01:11:04 (23465 turns).

wakim the Grappler (Octopode Transmuter)           Turns: 23465, Time: 01:11:04

Health: 0/111      AC:  7    Str: 14    XL:     12   Next: 31%
Magic:  7/16       EV: 10    Int: 16    God:    Dithmenos [***...]
Gold:   482        SH:  0    Dex: 12    Spells: 4/17 levels left

rFire    . . .     SeeInvis .     - Unarmed
rCold    . . .     Faith    +   (shield currently unavailable)
rNeg     + . .     Spirit   .   (helmet currently unavailable)
rPois    +         Reflect  .   h - amulet of faith
rElec    .         Harm     .   f - ring of positive energy
rCorr    .         Rampage  .   (no ring)
Will     .....                  (no ring)
Stlth    ++++......             (no ring)
HPRegen  0.28/turn              (no ring)
MPRegen  0.15/turn              (no ring)
                                (no ring)
                                (no ring)

@: hydra-form, wreathed by umbra
A: fast swimmer, devour, boosted hp, almost no armour, amphibious, 8 rings, very
large, (camouflage 1), (gelatinous body 1), (nimble swimmer 1), (tentacles)
a: End Transformation, Renounce Religion, Shadow Step


You were in an ice cave.
You worshipped Dithmenos.
Dithmenos was most pleased with you.
You were a three-headed hydra.
You visited 3 branches of the dungeon, and saw 15 of its levels.
You also visited: Ice Cave.

You collected 548 gold pieces.
You spent 66 gold pieces at shops.

Inventory:

Hand Weapons
 b - the +10 fustibalus of the Distant Future (melded) {speed, rN+}
   (You acquired it on level 10 of the Dungeon)

   Attacks with this weapon are significantly faster.
   It protects you from negative energy.
Missiles
 a - 5 throwing nets {=f!f}
 i - a curare-tipped dart {=f}
 k - 60 sling bullets
Jewellery
 c - a ring of ice
 f - a ring of positive energy (left foreclaw)
 h - an amulet of faith (around neck)
Wands
 v - a wand of flame (5)
Scrolls
 d - 2 scrolls of enchant armour
 j - a scroll of enchant weapon
 R - a scroll of magic mapping {!r}
 T - 2 scrolls of teleportation
 U - 3 scrolls of fear
 Y - a scroll of blinking {!r}
 Z - a scroll of silence {!r}
Potions
 e - a potion of berserk rage {unknown}
 A - a potion of ambrosia
 D - a potion of brilliance
 E - a potion of cancellation
 F - a potion of curing
 G - 2 potions of flight
 H - 3 potions of haste
 I - a potion of invisibility
 J - a potion of heal wounds
 N - a potion of might
 O - a potion of resistance


   Skills:
 + Level 9.5 Fighting
 + Level 8.2 Dodging
 - Level 5.0 Stealth
 + Level 11.5 Unarmed Combat
 * Level 3.0 Spellcasting
 * Level 9.2 Transmutations
 - Level 2.0 Poison Magic
 - Level 4.0 Invocations


You had 4 spell levels left.
You knew the following spells:

 Your Spells              Type           Power      Damage    Failure   Level
a - Beastly Appendage     Tmut           62%        N/A       1%          1
b - Hydra Form            Tmut           15%        N/A       12%         5
c - Ice Form              Ice/Tmut       17%        N/A       28%         4
x - Spider Form           Tmut/Pois      10%        N/A       5%          3

Your spell library contained the following spells:

 Spells                   Type           Power      Damage    Failure   Level
 Wereblood                Tmut           31%        N/A       1%          2
 Passwall                 Tmut/Erth      14%        N/A       4%          2
 Foxfire                  Conj/Fire      8%         2x1d4     19%         1
 Magic Dart               Conj           8%         1d3       19%         1
 Sandblast                Erth           4%         2d4       19%         1
 Blink                    Tloc           N/A        N/A       28%         2
 Call Imp                 Summ           2%         N/A       28%         2
 Slow                     Hex            2%         N/A       28%         2
 Petrify                  Tmut/Erth      17%        N/A       28%         4
 Mephitic Cloud           Conj/Pois/Air  4%         N/A       38%         3
 Conjure Flame            Conj/Fire      2%         6-21      50%         3
 Stone Arrow              Conj/Erth      4%         3d7       50%         3
 Cause Fear               Hex            1%         N/A       88%         4
 Dragon Form              Tmut           15%        N/A       98%         7
 Lee's Rapid Deconstruct  Erth           1%         3d5*      99%         5
 Dragon's Call            Summ           1%         N/A       100%        9


Dungeon Overview and Level Annotations

Branches:
Dungeon (11/15)            Temple (1/1) D:6            Lair (3/6) D:10
  Swamp (0/4) Lair:2        Snake (0/4) Lair:2        IceCv (1/1)
    Orc: D:9-12

Altars:
Ashenzari
Cheibriados
Dithmenos
Elyvilon
Fedhas
Gozag
Hepliaklqana
Kikubaaqudgha
Makhleb
Nemelex Xobeh
Okawaru
Qazlal
Ru
Sif Muna
Trog
Uskayaw
Vehumet
Wu Jian
Xom
Yredelemnul
Zin
The Shining One
Beogh

Shops:
D:5 =   D:8 ?

Annotations:
D:6 dig
D:9 3 runed translucent doors, Killmatronix's ghost, novice FoHu


Innate Abilities, Weirdness & Mutations

You are a three-headed hydra.
You swim very quickly.
You can devour living enemies to heal.
Your maximum health is greatly increased.
Your armour is entirely melded.
You are incapable of wielding weapons or throwing items.
You cannot wear most types of armour.
You are amphibious.
You can wear up to eight rings at the same time.
((Your skin changes colour to match your surroundings (Stealth+).))
((Your rubbery body absorbs attacks. (AC +1, EV +1)))
((You are camouflaged near water. (Stealth+)))
((You have tentacles for arms and can constrict up to eight enemies at once.))


Message History

The ice beast is severely wounded.
You bite the ice beast!
You kill the ice beast!
Dithmenos accepts your kill.
You bite the ice beast!
You nip at the ice beast.
The ice beast hits you. The ice beast freezes you!
Your Spellcasting skill increases to level 3!
You bite the ice beast!
You kill the ice beast!
Dithmenos accepts your kill.
You nip at the ice beast but do no damage.
You barely miss the ice beast.
You nip at the ice beast.
The ice beast barely misses you. The ice beast hits you.
The ice beast freezes you!
You nip at the ice beast but do no damage.
The ice beast is almost dead.
You bite the white ugly thing! You bite the ice beast!
The ice beast closely misses you.
The ice beast hits you but does no damage.
You nip at the white ugly thing.
The white ugly thing is moderately wounded.
You barely miss the ice beast.
You nip at the ice beast but do no damage.
You gouge the ice beast!!
You kill the ice beast!
Dithmenos accepts your kill. The white ugly thing engulfs you!
* * * LOW HITPOINT WARNING * * *
The white ugly thing freezes you!!
* * * LOW HITPOINT WARNING * * *
The ice beast barely misses you.
Aiming: Shadow Step
Press: ? - help, Dir - move target, f - ice beast
Aim: an ice beast (umbra)
You step into the ice beast's shadow.
Your shadow no longer tangibly mimics your actions.
The ice beast hits you.
* * * LOW HITPOINT WARNING * * *
The ice beast freezes you!
You die...

#...(.?.)...#
##....(©!....##
#......?......#
#....8...8....#
#.............#
#...........#
#...........#
#.....∩.....#
##..YD.....##
##uYY∩...##
##.....##
#######


You could see a white ugly thing and 3 ice beasts.

Vanquished Creatures
  A two-headed ogre (D:10)
  An elephant (D:10)
  5 cane toads
  An unseen horror (D:10)
  A rime drake (Lair:2)
  4 komodo dragons
  2 ice devils (Lair:3)
  A polar bear (Lair:1)
  7 blink frogs
  2 shadows
  Sigmund (D:3)
  3 wyverns
  4 basilisks
  A steam dragon (D:7)
  5 yaks
  Grum (D:9)
  4 vampire mosquitoes (D:10)
  4 nagas (Lair:2)
  2 acid dragons (D:10)
  7 water moccasins
  3 orc warriors
  5 ice beasts
  3 sky beasts
  2 necrophages
  2 black bears
  8 wolves
  6 centaurs
  3 ogres (D:5)
  2 kobold brigands (D:9)
  A gnoll sergeant (D:9)
  10 bullfrogs
  A scorpion (D:5)
  A water moccasin skeleton (D:5)
  3 killer bees (D:7)
  4 wights (D:10)
  5 howler monkeys
  2 jellies
  A bullfrog zombie (D:5)
  4 crimson imps (D:6)
  3 centaur zombies
  A centaur skeleton (D:7)
  6 hounds
  7 orc priests
  Jessica (D:3)
  2 bullfrog skeletons (D:6)
  Terence (D:3)
  An iguana (D:5)
  9 orc wizards
  Natasha (twice) (D:2)
  A killer bee zombie (D:8)
  A hound skeleton (D:5)
  A howler monkey zombie (D:7)
  8 gnolls
  A howler monkey skeleton (D:6)
  7 adders
  3 shadow imps
  A white imp (D:7)
  An ufetubus (D:5)
  A worm (D:3)
  26 orcs
  11 endoplasms
  3 giant cockroaches
  A hobgoblin (D:3)
  10 jackals
  18 kobolds
  8 ball pythons
  6 bats
  4 goblins
  A rat (D:3)
269 creatures vanquished.

Vanquished Creatures (others)
  A fungus (Lair:2)
  9 plants
  8 withered plants (D:7)
18 creatures vanquished.

Grand Total: 287 creatures vanquished

Notes
Turn   | Place    | Note
-------+----------+-------------------------------------------
     0 | D:1      | wakim the Octopode Transmuter began the quest for the Orb.
     0 | D:1      | Reached XP level 1. HP: 13/13 MP: 3/3
   288 | D:1      | Reached skill level 1 in Stealth
   654 | D:1      | Reached XP level 2. HP: 18/18 MP: 3/5
  1349 | D:2      | Reached XP level 3. HP: 22/23 MP: 4/6
  1494 | D:2      | You fall into a shaft and drop 2 floors!
  1658 | D:4      | Found a radiant altar of Vehumet.
  1793 | D:3      | Noticed Jessica
  1803 | D:4      | Reached XP level 4. HP: 27/30 MP: 5/7
  1807 | D:4      | Learned a level 3 spell: Spider Form
  2006 | D:3      | Killed Jessica
  2007 | D:3      | Reached skill level 1 in Poison Magic
  2411 | D:4      | Reached XP level 5. HP: 32/35 MP: 0/8
  3307 | D:3      | Noticed Sigmund
  3405 | D:2      | Noticed Natasha
  3415 | D:2      | Killed Natasha
  3416 | D:2      | Reached skill level 4 in Unarmed Combat
  3757 | D:2      | Noticed Natasha
  3764 | D:2      | Killed Natasha
  3765 | D:2      | Reached XP level 6. HP: 37/42 MP: 5/9
  4054 | D:3      | Noticed Terence
  4066 | D:3      | Killed Terence
  4221 | D:3      | Found a faded altar of an unknown god.
  4225 | D:3      | Became a worshipper of Dithmenos the Shadowed
  4225 | D:3      | Reached * piety under Dithmenos
  4740 | D:3      | Found a bloodstained altar of Trog.
  5024 | D:5      | Entered Level 5 of the Dungeon
  5122 | D:5      | Noticed a necrophage
  5154 | D:5      | Killed a necrophage
  5230 | D:5      | Reached XP level 7. HP: 47/47 MP: 8/10
  5932 | D:5      | Found Imnau's Jewellery Emporium.
  5945 | D:5      | Reached skill level 5 in Unarmed Combat
  6004 | D:5      | Reached ** piety under Dithmenos
  6102 | D:5      | Reached XP level 8. HP: 27/54 MP: 11/11
  6428 | D:5      | Reached skill level 5 in Stealth
  6469 | D:5      | Reached skill level 5 in Fighting
  6679 | D:5      | Reached skill level 6 in Unarmed Combat
  7257 | D:6      | Found a staircase to the Ecumenical Temple.
  7280 | Temple   | Entered the Ecumenical Temple
  8140 | D:6      | Reached XP level 9. HP: 34/62 MP: 8/12
  8564 | D:6      | Found a shimmering altar of Xom.
  8933 | D:6      | Reached skill level 7 in Unarmed Combat
  8958 | D:6      | Reached skill level 5 in Transmutations
  9298 | D:7      | Found an ancient bone altar of Kikubaaqudgha.
  9728 | D:3      | Killed Sigmund
  9983 | D:6      | Reached *** piety under Dithmenos
 10422 | D:7      | Found an ornate altar of the Wu Jian Council.
 10597 | D:7      | Reached skill level 5 in Dodging
 10597 | D:7      | Reached skill level 8 in Unarmed Combat
 11408 | D:6      | Found a blossoming altar of Fedhas.
 11596 | D:8      | Reached XP level 10. HP: 71/71 MP: 9/13
 12298 | D:8      | Found Rapohu's Magic Scroll Boutique.
 12310 | D:8      | Bought a scroll of magic mapping for 42 gold pieces
 12310 | D:8      | Bought a scroll of identify for 24 gold pieces
 12423 | D:9      | Noticed Grum
 12837 | D:8      | Reached skill level 1 in Invocations
 13013 | D:8      | Learned a level 5 spell: Hydra Form
 13145 | D:9      | Killed Grum
 13146 | D:9      | Reached skill level 9 in Unarmed Combat
 14936 | D:9      | Found a runed translucent gate.
 14945 | D:9      | Found a white marble altar of Elyvilon.
 15003 | D:9      | Found a runed translucent gate.
 15004 | D:9      | Found a runed translucent gate.
 15005 | D:9      | Noticed Killmatronix's ghost (novice FoHu)
 15011 | D:9      | Identified the +1 chain mail "Duziylol" {+Inv Fly Dex-5}
 15012 | D:9      | Identified the +0 plate armour "Los Xivaen" {rCorr}
 15357 | D:10     | Entered Level 10 of the Dungeon
 15604 | D:10     | Found a staircase to the Lair.
 15824 | D:10     | Noticed an elephant
 15875 | D:10     | Killed an elephant
 16151 | D:10     | Reached XP level 11. HP: 77/77 MP: 4/14
 16249 | D:10     | Reached **** piety under Dithmenos
 16468 | D:10     | Found a shimmering blue altar of Sif Muna.
 16468 | D:10     | Found a sparkling altar of Nemelex Xobeh.
 16534 | D:10     | Identified a scroll of acquirement
 16534 | D:10     | Acquired the +10 fustibalus of the Distant Future {speed,
                  | rN+}
 16802 | D:8      | Reached skill level 10 in Unarmed Combat
 17856 | D:10     | You fall into a shaft and drop 1 floor!
 18372 | D:11     | Noticed a two-headed ogre
 18395 | D:10     | Killed a two-headed ogre
 18596 | Lair:1   | Entered Level 1 of the Lair of Beasts
 19577 | Lair:1   | Reached skill level 11 in Unarmed Combat
 20348 | Lair:1   | Acquired a book of the Dragon
 20818 | Lair:2   | Found a staircase to the Swamp.
 21242 | Lair:2   | Reached XP level 12. HP: 85/85 MP: 12/15
 21528 | Lair:2   | Found a staircase to the Snake Pit.
 22765 | Lair:2   | Learned a level 4 spell: Ice Form
 22884 | Lair:3   | Found a frozen archway.
 23450 | IceCv    | Entered an ice cave
 23465 | IceCv    | Slain by an ice beast

Illustrated notes

Levels and vault maps discovered:
D:1:      elethiomel_arrival_maze, layout_rooms, moated_statue
D:2:      layout_rooms, serial_bayou_pond_d, uniq_natasha
D:3:      layout_basic, marbit_many_paths, basic_ecumenical_altar,
          wad_floor_pattern_untrapped, minmay_misc_feat_chi,
          minmay_parallelograms, bh_walls_and_bars, uniq_terence, uniq_sigmund,
          uniq_jessica
D:4:      layout_loops_ring, nicolae_vehumet_altar_sigil
D:5:      minmay_razor_zed, layout_rooms, minmay_shop_enchanted_jewellery,
          chequers_serial_rivers_large_b
D:6:      layout_cave_pools, nicolae_overflow_hidden_temple, led_xom_imps,
          minmay_temple_entry_arrows, due_unseen_surprise
D:7:      kennysheep_six_static_rooms, layout_cave_pools,
          kiku_gazebo_garden_becter, nzn_wu_jian_contemplation
D:8:      layout_loops_cross, serial_shops, shop
D:9:      layout_cave_pools, elyvilon_altar_1, biasface_ghost_orc_armoury,
          serial_glass, glass_columns_c, glass_columns_c, glass_columns_c,
          glass_columns_a, uniq_grum
D:10:     layout_roguey, gammafunk_temple_overflow_elements, david_lair_generic
D:11:     layout_irregular_city, uniq_psyche
Temple:   nicolae_temple_figure_eight
Lair:1:   layout_hall_layers
Lair:2:   layout_hall_layers, minmay_swamp_entry_worms,
          minmay_snake_entry_guardpost_small
Lair:3:   layout_long_grid, portal_ice_cave_demonic_guard, minmay_lindwurm_lava
IceCv:    ice_cave_statue_garden_transporter

Skill      XL: |  1  2  3  4  5  6  7  8  9 10 11 12 |
---------------+-------------------------------------+-----
Stealth        | 1 2 3 4 5 |  5.0
Fighting       | 2 3 4 6 7 8 9 |  9.5
Poison Magic   | 1 2 |  2.0
Unarmed Combat | 4 5 6 8 9 11 | 11.5
Transmutations | 3 4 5 7 8 9 |  9.2
Dodging        | 3 5 6 7 8 |  8.2
Invocations    | 4 |  4.0
Spellcasting   | 3 |  3.0

Action                   |  1- 3 |  4- 6 |  7- 9 | 10-12 || total
-------------------------+-------+-------+-------+-------++-------
Melee: Unarmed           |    74 |   119 |   270 |   456 ||   919
       Constrict         |    14 |    11 |    13 |     4 ||    42
       Kick              |    15 |     7 |    18 |     3 ||    43
       Tentacles         |     9 |    10 |    20 |     4 ||    43
       Punch             |       |       |     6 |     2 ||     8
 Fire: Fustibalus        |       |       |       |    27 ||    27
 Cast: Beastly Appendage |    22 |    10 |    13 |     4 ||    49
       Spider Form       |       |    17 |    41 |    66 ||   124
       Hydra Form        |       |       |       |    21 ||    21
       Ice Form          |       |       |       |     1 ||     1
Invok: Shadow Step       |       |       |       |     3 ||     3
Evoke: Wand              |       |       |     4 |     1 ||     5
  Use: Scroll            |     3 |     7 |     7 |    11 ||    28
       Potion            |       |       |     2 |       ||     2
 Stab: Sleeping          |     6 |     5 |     7 |     5 ||    23
       Distracted        |       |       |     1 |     1 ||     2
Armor: Skin              |     2 |     4 |    12 |    35 ||    53
Dodge: Dodged            |    54 |    90 |   307 |   333 ||   784

Table legend: (Time is in decaauts)
 A = Elapsed time spent in this place.
 B = Non-inter-level travel time spent in this place.
 C = Inter-level travel time spent in this place.
 D = Time resting spent in this place.
 E = Time spent auto-exploring this place.
 F = Levels seen in this place.
 G = Mean time per level.
                   A        B        C        D        E       F      G
               +--------+--------+--------+--------+--------+-----+--------+
         Total |  23404 |  21727 |   1677 |   3209 |  14339 |  16 | 1462.8 |
       Dungeon |  18217 |  16771 |   1446 |   1814 |  11665 |  11 | 1656.1 |
        Temple |    444 |    434 |     10 |    197 |    207 |   1 |  444.0 |
          Lair |   4730 |   4510 |    220 |   1198 |   2467 |   3 | 1576.7 |
      Ice Cave |     12 |     12 |      0 |      0 |      0 |   1 |   12.0 |
               +--------+--------+--------+--------+--------+-----+--------+

Top non-repeatable levels by time:
    D:10: 2685 daAuts
  Lair:1: 2619 daAuts
     D:7: 2320 daAuts
     D:5: 2132 daAuts
     D:6: 1910 daAuts
     D:8: 1876 daAuts
     D:4: 1787 daAuts
     D:3: 1779 daAuts
     D:9: 1746 daAuts
  Lair:2: 1437 daAuts
     D:1: 1145 daAuts
     D:2: 812 daAuts
  Lair:3: 673 daAuts
  Temple: 444 daAuts
    D:11: 21 daAuts
